 Dungeon Crawl Stone Soup version 0.30.1 (webtiles) character file.

Game seed: 14181018378909521712

693 Graphine the Chopper (level 7, -10/60 (61) HPs)
             Began as a Hill Orc Fighter on July 9, 2023.
             Mangled by an orc warrior
             ... wielding a +0 halberd
              (13 damage)
             ... on level 6 of the Dungeon.
             The game lasted 00:10:04 (4491 turns).

Graphine the Chopper (Hill Orc Fighter)             Turns: 4491, Time: 00:10:05

HP:   -10/60 (61)   AC:  7    Str: 21    XL:     7   Next: 64%
MP:   7/7           EV:  9    Int:  8    God:
Gold: 299           SH:  5    Dex: 10    Spells: 6/6 levels left

rFire   . . .        a - +0 war axe
rCold   . . .        c - +0 buckler
rNeg    + . .        b - +0 scale mail
rPois   .            (no helmet)
rElec   .            (no cloak)
rCorr   .            (no gloves)
SInv    .            (no boots)
Will    .....        (no amulet) Stlth
                     e - ring of positive energy
HPRegen 0.30/turn    (no ring)
MPRegen 0.10/turn

%: no passive effects
@: studying Ice Magic, lightly drained
A: no striking features
a: no special abilities


You were on level 6 of the Dungeon.
You visited 1 branch of the dungeon, and saw 6 of its levels.

You collected 299 gold pieces.

Inventory:

Hand Weapons
 a - a +0 war axe (weapon)
 u - a +3 hand axe
Missiles
 i - a throwing net
 s - 5 boomerangs (quivered)
Armour
 b - a +0 scale mail (worn)
 c - a +0 buckler (worn)
Jewellery
 e - a ring of positive energy (left hand)
 h - a ring of protection from fire
Wands
 k - a wand of polymorph (9)
 x - a wand of iceblast (14)
Scrolls
 g - a scroll of amnesia
 q - a scroll of magic mapping
 r - a scroll of immolation
Potions
 d - a potion of might
 j - a potion of resistance
 l - 4 potions of curing
 m - a potion of berserk rage {unknown}
 n - a potion of mutation {unknown}
 p - a potion of flight {unknown}
 t - 2 potions of lignification {unknown}


   Skills:
 + Level 5.6 Fighting
 * Level 7.2 Axes
 + Level 5.1 Armour
 + Level 5.1 Shields


You had 6 spell levels left.
You didn't know any spells.
Your spell library contained the following spells:

 Spells                   Type           Power      Damage    Failure   Level
 Magic Dart               Conj           0%         1d3       80%         1
 Summon Small Mammal      Summ           0%         N/A       80%         1
 Call Imp                 Summ           0%         N/A       90%         2
 Call Canine Familiar     Summ           0%         N/A       99%         3
 Mephitic Cloud           Conj/Pois/Air  0%         N/A       99%         3
 Summon Guardian Golem    Hex/Summ       0%         N/A       99%         3
 Anguish                  Hex/Necr       0%         N/A       100%        4
 Cause Fear               Hex            0%         N/A       100%        4
 Enfeeble                 Hex            0%         N/A       100%        7


Dungeon Overview and Level Annotations

Branches:
Dungeon (6/15)
 Temple: D:4-7

Altars:
Gozag

Shops:
D:5 :


Message History

The orc warrior hits you from afar with a +0 halberd!
You block the orc warrior's attack.
You see here a +0 dagger of draining.
You hit the orc warrior.
The orc warrior is lightly wounded.
An iguana comes into view.
The orc warrior hits you with a +0 halberd!
You hit the orc warrior but do no damage.
The orc warrior is lightly wounded.
The orc warrior hits you with a +0 halberd.
You slash the orc warrior!
The orc warrior is heavily wounded.
You closely miss the orc warrior.
The orc warrior is heavily wounded.
The orc warrior closely misses you.
An orc wizard comes into view. It is wielding a +0 dagger.
The orc warrior hits you with a +0 halberd!
The orc wizard hits you but does no damage.
You closely miss the orc warrior.
The orc warrior is heavily wounded.
You completely miss the orc wizard.
The orc wizard hits you with a +0 dagger.
The orc warrior hits you with a +0 halberd!
* * * LOW HITPOINT WARNING * * *
Okay, then.
As you read the scroll of fear, it crumbles to dust.
You assume a fearsome visage.
The orc warrior easily resists.
The orc wizard looks frightened!
The iguana looks frightened!
The orc wizard gestures wildly while chanting.
The orc wizard flickers and vanishes!
Deactivating autopickup; reactivate with Ctrl-A.
The orc warrior completely misses you.
Aiming: Paralyse
Press: ? - help, Shift-Dir - straight line, f - orc warrior
Aim: an orc warrior, wielding a +0 halberd and wearing a +0 chain mail (heavily wounded, chance to affect: 49%)
The orc warrior resists with some effort.
The now-empty wand crumbles to dust.
An orc comes into view. It is wielding a +0 club.
The orc warrior hits you with a +0 halberd!
You die...

...............<
#................
#...............
#..............
#............. .#
##............ ...##
#.......$$$...
#....#####...).).$_$...
#..........##@o$$$...
#......#.. ##o{.....
#..<# ##. ##..... #..##
#. l... #.. .. !.. #..
.. .. #.. . #.. ...


You could see an orc warrior, an iguana (fleeing) and an orc.

Vanquished Creatures
  A water moccasin (D:5)
  A black bear (D:4)
  An ogre (D:5)
  A scorpion (D:5)
  2 hounds (D:5)
  An orc priest (D:6)
  Jessica (D:2)
  Ijyb (D:5)
  2 iguanas (D:5)
  A sleepcap (D:4)
  Natasha (thrice) (D:2)
  2 adders
  A worm (D:2)
  A dart slug (D:1)
  4 orcs
  7 ball pythons
  2 endoplasms
  6 goblins
  4 hobgoblins
  4 jackals (D:3)
  3 quokkas
  11 bats
  A frilled lizard (D:1)
  2 kobolds
63 creatures vanquished.

Notes
Turn   | Place    | Note
-------+----------+-------------------------------------------
     0 | D:1      | Graphine the Hill Orc Fighter began the quest for the Orb.
     0 | D:1      | Reached XP level 1. HP: 19/19 MP: 1/1
   204 | D:1      | Reached skill level 3 in Axes
   207 | D:1      | Reached XP level 2. HP: 27/27 MP: 2/2
   913 | D:2      | Noticed Jessica
  1013 | D:2      | Killed Jessica
  1014 | D:2      | Reached XP level 3. HP: 18/33 MP: 3/3
  1184 | D:2      | Reached skill level 4 in Axes
  1411 | D:2      | Noticed Natasha
  1417 | D:2      | Killed Natasha
  1418 | D:2      | Reached XP level 4. HP: 17/40 MP: 4/4
  1447 | D:2      | Noticed Natasha
  1456 | D:2      | Killed Natasha
  1656 | D:2      | Noticed Natasha
  1692 | D:2      | Killed Natasha
  1693 | D:2      | Reached XP level 5. HP: 44/47 MP: 5/5
  2631 | D:3      | Reached skill level 5 in Axes
  2967 | D:4      | Noticed a black bear
  2978 | D:4      | Killed a black bear
  2979 | D:4      | Reached XP level 6. HP: 47/55 MP: 6/6
  3409 | D:5      | Entered Level 5 of the Dungeon
  3485 | D:5      | Found Nattuw's Book Shoppe.
  3490 | D:5      | Noticed a water moccasin
  3495 | D:5      | Killed a water moccasin
  3496 | D:5      | Reached skill level 5 in Fighting
  3496 | D:5      | Reached skill level 6 in Axes
  3647 | D:5      | Reached XP level 7. HP: 37/61 MP: 7/7
  4000 | D:5      | Reached skill level 5 in Armour
  4000 | D:5      | Reached skill level 5 in Shields
  4039 | D:5      | Noticed Ijyb
  4051 | D:5      | Killed Ijyb
  4131 | D:5      | Reached skill level 7 in Axes
  4476 | D:6      | Found an opulent altar of Gozag.
  4489 | D:6      | HP: 3/60 [orc warrior/+0 halberd (17)]
  4491 | D:6      | Mangled by an orc warrior

Illustrated notes

Levels and vault maps discovered:
D:1:      dpeg_arrival_shrine, layout_basic
D:2:      layout_loops_cross, uniq_natasha, uniq_jessica
D:3:      wad_lake_hut, layout_basic, serial_bayou, serial_bayou_shore_b,
          serial_bayou_lake_a, serial_bayou_crossing, serial_bayou_pond_e,
          kennysheep_potato
D:4:      layout_loops_cross
D:5:      layout_loops_corners, serial_shops, nicolae_shop_tiny_real_fake_doors,
          uniq_ijyb
D:6:      layout_layer_cave, nicolae_gozag_seed_capital, uniq_maggie,
          uniq_duvessa, uniq_pikel

Skill      XL: |  1  2  3  4  5  6  7 |
---------------+----------------------+-----
Axes           | 3 4 5 6 7 |  7.2
Fighting       | 4 5 |  5.6
Armour         | 4 5 |  5.1
Shields        | 4 5 |  5.1

Action                     |  1- 3 |  4- 6 |  7- 9 || total
---------------------------+-------+-------+-------++-------
  Melee: War axe           |    75 |   100 |    35 ||   210
  Throw: Throwing net      |       |     1 |       ||     1
         Boomerang         |       |       |     6 ||     6
  Evoke: Wand              |       |     7 |     2 ||     9
    Use: Scroll            |     2 |     8 |     3 ||    13
   Stab: Paralysed         |       |     6 |     6 ||    12
 Armour: Scale mail        |    38 |    63 |    11 ||   112
  Dodge: Dodged            |    33 |    55 |     9 ||    97
  Block: Buckler           |    16 |    32 |     6 ||    54
